 Dungeon Crawl Stone Soup version 0.30-a0-726-gd89dcf765f (webtiles) character file.

Game seed: 11617906740884866409

79038 Rrauwl the Markskobold (level 16, -1/103 HPs)
             Began as a Kobold Delver on Jan 27, 2023.
             Was the Champion of Dithmenos.
             Slain by a black mamba (3 damage)
             ... summoned by a worldbinder
             ... on level 2 of the Abyss on Jan 29, 2023.
             The game lasted 01:31:43 (21767 turns).

Rrauwl the Markskobold (Kobold Delver)             Turns: 21767, Time: 01:31:43

Health: -1/103     AC: 13    Str: 10    XL:     16   Next: 10%
Magic:  19/19      EV: 33    Int:  9    God:    Dithmenos [******]
Gold:   743        SH:  4    Dex: 24    Spells: 15/15 levels left

rFire   + . .      SeeInvis +    a - +5 short sword (distort)
rCold   x x .      Faith    .    (no shield)
rNeg    . . .      Spirit   .    N - +2 leather armour "Plog" {rElec Str+2 Stlth+}
rPois   +          Reflect  .    F - +2 hat {Stlth+}
rElec   +          Harm     .    L - +1 cloak
rCorr   +          Rampage  .    J - +0 pair of gloves
Will    +....      Rage     9%   t - +0 pair of boots Stlth ********++
                                 y - amulet of regeneration
HPRegen 0.00/turn                H - ring "Yhyff" {rPois rF+ rCorr Int-2 SInv}
MPRegen 0.16/turn                l - +5 ring of evasion

@: mighty, on berserk cooldown, inhibited regen, slowed, wreathed by umbra, very
slow
A: small, no large weapons, nightstalker 3, iridescent scales 1, large bone
plates 1, agile 1, high MP 1, [berserk 2], [deformed body], [low MP 2],
[inhibited regeneration], [weak 2], [cold vulnerability 2]
a: Renounce Religion, Shadow Step, Shadow Form


You were on level 2 of the Abyss.
You worshipped Dithmenos.
Dithmenos was exalted by your worship.
You visited 4 branches of the dungeon, and saw 21 of its levels.
You visited the Abyss 1 time.

You collected 1952 gold pieces.
You spent 1209 gold pieces at shops.

Inventory:

Hand Weapons
 a - a +5 short sword of distortion (weapon)
 b - a +0 arbalest
 E - a +4 short sword
Missiles
 q - 2 throwing nets (quivered)
Armour
 t - a +0 pair of boots (worn)
 F - a +2 hat of stealth (worn)
 J - a +0 pair of gloves (worn)
 L - a +1 cloak (worn)
 N - the +2 leather armour "Plog" (worn) {rElec Str+2 Stlth+}
   (You found it on level 4 of the Lair of Beasts)

   Str:       It affects your strength (+2).
   rElec:     It insulates you from electricity.
   Stlth:     It makes you more stealthy.
Jewellery
 f - a ring of ice
 h - a ring of protection from fire
 j - a ring of flight
 l - a +5 ring of evasion (right hand)
 u - a ring of resist corrosion
 w - a ring of positive energy
 y - an amulet of regeneration (around neck)
 z - a ring of magical power
 H - the ring "Yhyff" (left hand) {rPois rF+ rCorr Int-2 SInv}
   (You bought it in a shop on level 7 of the Dungeon)

   [ring of protection from fire]

   Int:       It affects your intelligence (-2).
   rF:        It protects you from fire.
   rPois:     It protects you from poison.
   SInv:      It lets you see invisible.
   rCorr:     It protects you from acid and corrosion.
 O - a ring of positive energy
 Q - a ring of protection from fire
Wands
 i - a wand of digging (7)
 m - a wand of flame (17)
 I - a wand of quicksilver (15)
 Z - a wand of paralysis (7)
Scrolls
 c - a scroll of fog
 d - 6 scrolls of magic mapping
 e - 6 scrolls of fear
 k - 3 scrolls of vulnerability
 n - 7 scrolls of teleportation
 p - 6 scrolls of enchant armour
 x - 12 scrolls of identify
 K - 3 scrolls of poison
 W - 2 scrolls of blinking
Potions
 r - 2 potions of flight
 s - 7 potions of heal wounds
 v - 14 potions of curing
 B - 6 potions of attraction
 D - a potion of resistance
 G - a potion of mutation
 P - 3 potions of cancellation
Miscellaneous
 g - a lightning rod (4/4)
 T - a tin of tremorstones (2/2)


   Skills:
 + Level 12.4 Fighting
 - Level 12.0 Short Blades
 - Level 18.0 Ranged Weapons
 + Level 5.7 Armour
 - Level 15.0 Dodging
 - Level 15.0 Stealth
 - Level 7.0 Invocations
 - Level 7.0 Evocations


You had 15 spell levels left.
You didn't know any spells.
Your spell library contained the following spells:

 Spells                   Type           Power      Damage    Failure   Level
 Kiss of Death            Conj/Necr      0%         2d5       45%         1
 Confusing Touch          Hex            0%         N/A       83%         3
 Inner Flame              Hex/Fire       0%         N/A       83%         3
 Dispel Undead            Necr           0%         3d6       99%         4
 Flame Wave               Conj/Fire      0%         2d4       99%         4
 Sticky Flame             Conj/Fire      0%         2d3       99%         4
 Freezing Cloud           Conj/Ice/Air   0%         6-21      100%        5
 Eringya's Noxious Bog    Tmut/Pois      0%         N/A       100%        6
 Simulacrum               Ice/Necr       0%         N/A       100%        6
 Malign Gateway           Summ/Tloc      0%         N/A       100%        7
 Spellforged Servitor     Conj/Summ      0%         N/A       100%        7
 Polar Vortex             Ice            0%         N/A       100%        9


Dungeon Overview and Level Annotations

Branches:
Dungeon (13/15)            Temple (1/1) D:5            Lair (5/5) D:8
  Swamp (0/4) Lair:2        Snake (0/4) Lair:2        Slime (0/5) Lair:5
    Orc (2/2) D:9             Elf (0/3) Orc:2
 Vaults: D:13-14

Altars:
Ashenzari
Cheibriados
Dithmenos
Elyvilon
Fedhas
Gozag
Hepliaklqana
Kikubaaqudgha
Makhleb
Nemelex Xobeh
Okawaru
Qazlal
Ru
Sif Muna
Trog
Uskayaw
Vehumet
Wu Jian
Xom
Yredelemnul
Zin
The Shining One
Jiyva

Shops:
D:1 *(:   D:3 :   D:7 =   Orc:2 [(([?

Annotations:
D:3 exclusion: statue
Lair:3 1 runed translucent door, Qatafuk's ghost, journeyman OpSu


Innate Abilities, Weirdness & Mutations

You are small and have problems with some larger weapons.
You are completely attuned to the shadows.
You are partially covered in iridescent scales. (AC +2)
You are partially covered in large bone plates. (SH +4)
You are agile. (Dex +4, Str/Int -1)
You have an increased reservoir of magic. (+10% MP)
[You have an uncontrollable temper.]
[Armour fits poorly on your strangely shaped body.]
[Your magical capacity is very low. (-20% MP)]
[You do not regenerate when monsters are visible.]
[You are very weak. (Str -4)]
[You are very vulnerable to cold. (rC--)]


Message History

You emit a cloud of dark smoke.
The black mamba completely misses you. x2
The naga warrior completely misses you. x2
You block the black draconian knight's attack.
The black mamba completely misses you. The black mamba misses you.
The black draconian knight completely misses you.
The naga warrior completely misses you. x2
You feel much better.
The black mamba disappears in a puff of smoke! x2
The worldbinder calls forth creatures from the Snake Pit!
The black draconian knight closely misses you.
The naga warrior roars a battlecry!
The naga warrior goes into a battle-frenzy!
The black draconian knight barely misses you.
The worldbinder completely misses you. The worldbinder closely misses you.
You are too injured to fight recklessly!
You are too injured to fight recklessly!
You puncture the black draconian knight!
Space warps around the black draconian knight.
The black draconian knight is severely wounded.
Your shadow hits the black draconian knight but does no damage.
The naga warrior disappears in a puff of smoke!
The black draconian knight breathes lightning at you.
The bolt of lightning hits you! You resist. The worldbinder hits you.
The worldbinder completely misses you.
You hear a bark!
You hear a screech.
You hit the black draconian knight but do no damage.
Space warps around the black draconian knight.
The black draconian knight is severely wounded.
Your shadow barely misses the black draconian knight.
The black mamba bites you but does no damage.
The black draconian knight points at you and mumbles some strange words.
The shard of ice hits you!!
You feel a painful chill!
* * * LOW HITPOINT WARNING * * *
The worldbinder completely misses you. The worldbinder hits you.
* * * LOW HITPOINT WARNING * * *
Blink to where?
Press: ? - help, Dir - move target
As you read the scroll of blinking, it crumbles to dust.
The black mamba bites you.
You die...

...#..
..#..#
....# #..#
.##@# #.
.☼#S##.
#☼... ##
.☼§xq#§#°#
.##.§N○.°#
#§§###☼#
..#§#
#..#.. #
...


You could see a black draconian knight (fast, invisible), a naga warrior
(summoned, strong), a worldbinder and a black mamba (summoned).

Vanquished Creatures
  Gastronok (Lair:3)
  2 orc warlords
  Snorg (D:10)
  3 hydras (Lair:5)
  Fannar (D:12)
  2 catoblepae (Lair:5)
  A boulder beetle (D:8)
  3 centaur warriors
  2 two-headed ogres
  3 death yaks (Lair:5)
  The ghost of M4edhros the Cruncher, a novice OpAr of Cheibriados (D:9)
  An orc high priest (Orc:2)
  Sonja (Lair:2)
  A goliath frog (Lair:5)
  2 necromancers (D:13)
  A deep elf archer (D:13)
  3 orc knights
  Pikel (D:4)
  2 deep elf pyromancers
  3 ugly things
  A salamander (Lair:2)
  3 cyclopes
  3 orc sorcerers (Orc:2)
  5 manticores
  Joseph (D:7)
  15 elephants
  3 black mambas
  A gargoyle (D:11)
  2 unseen horrors
  9 komodo dragons
  10 cane toads
  2 kobold demonologists
  4 rime drakes
  A tengu conjurer (D:13)
  3 meliai (D:10)
  2 trolls
  A tyrant leech (Lair:5)
  6 polar bears
  7 blink frogs (Lair:5)
  6 dream sheep
  Sigmund (D:4)
  5 slime creatures
  2 shadows
  Grum (D:9)
  3 wyverns
  5 wraiths
  39 yaks
  3 basilisks
  16 humans
  17 vampire mosquitoes
  Menkaure (D:7)
  2 neqoxecs (Abyss:2)
  A steam dragon (D:8)
  Edmund (D:4)
  3 acid dragons
  13 water moccasins
  2 wargs
  33 orc warriors
  5 black bears
  2 small abominations (Abyss:2)
  8 ogres
  10 wolves
  5 boggarts (D:13)
  3 centaurs (D:8)
  4 lemures (D:4)
  A phantom (D:6)
  A kobold brigand (D:8)
  12 bullfrogs
  2 scorpions
  2 gnoll sergeants
  12 wights
  14 killer bees
  4 electric eels
  4 howler monkeys
  2 lava snakes (Lair:2)
  A crimson imp (D:10)
  13 jellies
  Crazy Yiuf (D:7)
  11 orc priests
  An iguana (D:4)
  A gnoll bouda (D:5)
  22 orc wizards
  7 adders
  22 gnolls
  A shadow imp (D:7)
  A white imp (D:10)
  An ufetubus (D:7)
  A worm (D:2)
  3 dart slugs
  87 orcs
  8 endoplasms
  4 giant cockroaches
  3 goblins
  12 hobgoblins
  6 jackals
  8 kobolds
  4 quokkas
  9 ball pythons
  4 bats
  7 rats
597 creatures vanquished.

Vanquished Creatures (others)
  42 fungi
  111 plants
153 creatures vanquished.

Grand Total: 750 creatures vanquished

Notes
Turn   | Place    | Note
-------+----------+-------------------------------------------
     0 | D:5      | Rrauwl the Kobold Delver began the quest for the Orb.
     0 | D:5      | Reached XP level 1. HP: 14/14 MP: 1/1
    51 | D:3      | Reached XP level 2. HP: 19/19 MP: 2/2
   196 | D:2      | Reached XP level 3. HP: 20/23 MP: 3/3
   646 | D:1      | Found Fuihy's Weapon Emporium.
   648 | D:1      | Found Wahuoq's Book Shop.
   746 | D:1      | Reached XP level 4. HP: 29/29 MP: 4/4
  1033 | D:1      | Found Caoziren's General Store.
  1038 | D:1      | Bought a scroll of enchant armour for 82 gold pieces
  1709 | D:2      | Found a faded altar of an unknown god.
  1720 | D:2      | Got Plato's Disquisition on Arcane Combat
  1963 | D:2      | Reached skill level 5 in Short Blades
  1963 | D:2      | Reached XP level 5. HP: 30/33 MP: 5/5
  2524 | D:3      | Found a radiant altar of Vehumet.
  2526 | D:3      | Noticed a charred statue
  2667 | D:3      | Found Qusuosaa's Vocational Training.
  2681 | D:3      | Identified the +6 sling "Himema" {heavy, *Slow rPois Will+
                  | Str+4}
  2768 | D:3      | Reached XP level 6. HP: 21/38 MP: 6/6
  3061 | D:3      | Gained mutation: You are vulnerable to heat. (rF-) [potion
                  | of mutation]
  3061 | D:3      | Gained mutation: You are resistant to electric shocks.
                  | (rElec) [potion of mutation]
  3641 | D:4      | Noticed Pikel
  3661 | D:4      | Killed Pikel
  3662 | D:4      | Reached skill level 10 in Short Blades
  3662 | D:4      | Reached XP level 7. HP: 29/43 MP: 7/7
  3662 | D:4      | Reached XP level 8. HP: 33/48 MP: 8/8
  3809 | D:4      | Found a snail-covered altar of Cheibriados.
  3809 | D:4      | Noticed Sigmund
  3813 | D:4      | Killed Sigmund
  3814 | D:4      | Reached skill level 1 in Armour
  3897 | D:4      | Noticed Edmund
  3995 | D:4      | Killed Edmund
  4206 | D:4      | Found a burning altar of Makhleb.
  4348 | D:4      | Found a blossoming altar of Fedhas.
  4571 | D:4      | Found a glowing golden altar of the Shining One.
  4774 | D:5      | Found a shadowy altar of Dithmenos.
  4795 | D:5      | Became a worshipper of Dithmenos the Shadowed
  4852 | D:5      | Reached skill level 5 in Dodging
  4961 | D:5      | Found a staircase to the Ecumenical Temple.
  4970 | Temple   | Entered the Ecumenical Temple
  5104 | D:5      | Found a broken altar of Ashenzari.
  5905 | D:6      | Reached XP level 9. HP: 52/52 MP: 9/9
  6493 | D:7      | Found a hide-covered altar of Uskayaw.
  6579 | D:7      | Noticed Menkaure
  6586 | D:7      | Killed Menkaure
  6587 | D:7      | Reached skill level 5 in Fighting
  6616 | D:7      | Lost mutation: You are vulnerable to heat. (rF-) [potion of
                  | mutation]
  6616 | D:7      | Lost mutation: You are resistant to electric shocks.
                  | (rElec) [potion of mutation]
  6616 | D:7      | Gained mutation: You are partially covered in large bone
                  | plates. (SH +4) [potion of mutation]
  6616 | D:7      | Gained mutation: You are agile. (Dex +4, Str/Int -1)
                  | [potion of mutation]
  6616 | D:7      | Gained mutation: You are partially covered in iridescent
                  | scales. (AC +2) [potion of mutation]
  6616 | D:7      | Gained mutation: You have an increased reservoir of magic.
                  | (+10% MP) [potion of mutation]
  6998 | D:7      | Found an iron altar of Okawaru.
  7033 | D:7      | Noticed Joseph
  7045 | D:7      | Killed Joseph
  7173 | D:7      | Found a runed translucent door.
  7176 | D:7      | Noticed Crazy Yiuf
  7192 | D:7      | Killed Crazy Yiuf
  7192 | D:7      | Reached * piety under Dithmenos
  7220 | D:7      | Found Qoziv's Jewellery Shoppe.
  7489 | D:8      | Found a staircase to the Lair.
  7533 | D:8      | Noticed a troll
  7697 | D:8      | Killed an unseen horror
  7698 | D:8      | Reached XP level 10. HP: 60/63 MP: 11/11
  7820 | D:8      | Noticed a kobold demonologist
  7820 | D:8      | Noticed a cyclops
  7865 | D:8      | Reached skill level 5 in Evocations
  8187 | D:8      | Reached ** piety under Dithmenos
  8246 | D:8      | Found an opulent altar of Gozag.
  8312 | D:8      | Reached skill level 1 in Invocations
  8633 | D:9      | Found a staircase to the Orcish Mines.
  8652 | D:9      | Reached skill level 1 in Ranged Weapons
  8701 | D:9      | Noticed a kobold demonologist
  8709 | D:9      | Noticed an orange demon
  8721 | D:9      | Noticed a soul eater
  8723 | D:9      | Noticed an orange demon
  8726 | D:9      | Killed a kobold demonologist
  8727 | D:9      | Reached skill level 2 in Ranged Weapons
  8941 | D:9      | Reached skill level 3 in Ranged Weapons
  9126 | D:9      | Reached skill level 4 in Ranged Weapons
  9138 | D:9      | Reached skill level 5 in Invocations
  9169 | D:9      | Reached XP level 11. HP: 55/67 MP: 16/16
  9177 | D:9      | Reached skill level 5 in Ranged Weapons
  9538 | D:9      | Found a runed translucent door.
  9539 | D:9      | Noticed Grum
  9545 | D:9      | Noticed M4edhros's ghost (novice OpAr)
  9574 | D:9      | Killed Grum
  9575 | D:9      | Reached skill level 6 in Ranged Weapons
  9660 | Lair:1   | Entered Level 1 of the Lair of Beasts
  9874 | Lair:1   | Reached skill level 7 in Ranged Weapons
  9941 | Lair:1   | Reached *** piety under Dithmenos
  9942 | Lair:1   | Reached skill level 8 in Ranged Weapons
 10101 | Lair:1   | Reached skill level 9 in Ranged Weapons
 10238 | Lair:1   | Reached skill level 10 in Ranged Weapons
 10675 | Lair:2   | Found a staircase to the Swamp.
 10756 | Lair:2   | Reached skill level 11 in Ranged Weapons
 11156 | Lair:2   | Found a staircase to the Snake Pit.
 11156 | Lair:2   | Noticed a salamander
 11162 | Lair:2   | Killed a salamander
 11163 | Lair:2   | Reached skill level 12 in Ranged Weapons
 11163 | Lair:2   | Reached XP level 12. HP: 72/72 MP: 18/18
 11440 | Lair:2   | Noticed Sonja
 11508 | Lair:2   | Killed Sonja
 11509 | Lair:2   | Reached skill level 13 in Ranged Weapons
 12191 | Lair:3   | Reached skill level 14 in Ranged Weapons
 12208 | Lair:3   | Noticed Gastronok
 12225 | Lair:3   | Killed Gastronok
 12453 | Lair:3   | Found a runed translucent door.
 12453 | Lair:3   | Found a shimmering altar of Xom.
 12453 | Lair:3   | Noticed Qatafuk's ghost (journeyman OpSu)
 12454 | Lair:3   | Identified the +6 glaive of Optimality {chaos, rC+ rN+
                  | Stlth+}
 13005 | D:8      | Noticed a boulder beetle
 13091 | D:8      | Killed a boulder beetle
 13092 | D:8      | Reached skill level 15 in Ranged Weapons
 13111 | D:8      | Reached **** piety under Dithmenos
 13112 | D:8      | Reached skill level 10 in Dodging
 13122 | D:8      | Reached XP level 13. HP: 76/76 MP: 20/20
 13212 | D:7      | Bought the ring "Yhyff" {rPois rF+ rCorr Int-2 SInv} for
                  | 543 gold pieces
 13701 | Lair:4   | Reached skill level 16 in Ranged Weapons
 13737 | Lair:4   | Identified the +2 leather armour "Plog" {rElec Str+2
                  | Stlth+}
 14253 | Lair:5   | Entered Level 5 of the Lair of Beasts
 14379 | Lair:5   | Noticed a four-headed hydra
 14380 | Lair:5   | Noticed a seven-headed hydra
 14397 | Lair:4   | Banished a four-headed hydra
 14461 | Lair:5   | Noticed a six-headed hydra
 14465 | Lair:5   | Killed a six-headed hydra
 14497 | Lair:5   | Found a viscous altar of Jiyva.
 14500 | Lair:5   | Found a staircase to the Slime Pits.
 14500 | Lair:5   | Noticed a catoblepas
 14505 | Lair:5   | Killed a catoblepas
 14569 | Lair:4   | Reached skill level 10 in Stealth
 14617 | Lair:4   | Reached skill level 17 in Ranged Weapons
 14836 | Lair:5   | Noticed a six-headed hydra
 14852 | Lair:5   | Reached XP level 14. HP: 82/82 MP: 21/21
 14868 | Lair:5   | Reached ***** piety under Dithmenos
 14948 | Lair:5   | Reached skill level 18 in Ranged Weapons
 15223 | Lair:5   | Reached skill level 10 in Fighting
 15356 | Lair:5   | Got the Almanac of the Feculent Escort
 15367 | Lair:5   | Reached skill level 5 in Armour
 15789 | Lair:5   | Identified the +3 trident of the People {speed, +Blink
                  | rElec}
 16149 | D:10     | Entered Level 10 of the Dungeon
 16149 | D:10     | Found a basalt altar of Yredelemnul.
 16313 | D:10     | Noticed Snorg
 16317 | D:10     | Killed Snorg
 16448 | D:10     | Found a bloodstained altar of Trog.
 16618 | D:10     | Reached XP level 15. HP: 83/92 MP: 22/22
 17731 | D:11     | Reached ****** piety under Dithmenos
 18076 | D:12     | Noticed Fannar
 18079 | D:12     | Killed Fannar
 19518 | D:9      | Killed M4edhros's ghost
 19563 | Orc:1    | Entered Level 1 of the Orcish Mines
 19596 | Orc:1    | Reached skill level 15 in Stealth
 19599 | Orc:1    | Noticed an orc warlord
 19619 | Orc:1    | Killed an orc warlord
 19813 | Orc:2    | Entered Level 2 of the Orcish Mines
 19876 | Orc:2    | Found Deggobeos's Antique Weapon Shop.
 20031 | Orc:2    | Reached skill level 15 in Dodging
 20266 | Orc:2    | Noticed an orc warlord
 20274 | Orc:2    | Killed an orc warlord
 20284 | Orc:2    | Found Uxaem's Antique Armour Emporium.
 20285 | Orc:2    | Found Hiruila's Antique Weapon Shoppe.
 20296 | Orc:2    | Bought a smoking arbalest for 256 gold pieces
 20296 | Orc:2    | Identified the +7 arbalest of Wrongful Imprisonment {flame,
                  | *Slow rElec rC++ Stlth+} (You bought it in a shop on level
                  | 2 of the Orcish Mines)
 20565 | Orc:2    | Found a staircase to the Elven Halls.
 20680 | Orc:2    | Found Cyfih's Antique Armour Emporium.
 20871 | Orc:2    | Found Efegot's Magic Scroll Boutique.
 20876 | Orc:2    | Bought a scroll of teleportation for 48 gold pieces
 20876 | Orc:2    | Bought a scroll of teleportation for 48 gold pieces
 20876 | Orc:2    | Bought a scroll of fear for 64 gold pieces
 20876 | Orc:2    | Bought a scroll of teleportation for 48 gold pieces
 20876 | Orc:2    | Bought a scroll of blinking for 120 gold pieces
 20986 | D:13     | Upgraded the game from 0.30-a0-721-ga6a225cb13 to
                  | 0.30-a0-726-gd89dcf765f
 21008 | D:13     | Found the +8 demon trident "Rift" {distort, reach+}
 21535 | D:13     | Reached XP level 16. HP: 101/101 MP: 23/23
 21568 | Abyss:2  | Cast into level 2 of the Abyss (a wizard)
 21751 | Abyss:2  | Noticed a black draconian knight
 21766 | Abyss:2  | HP: 5/103 [black draconian knight/shard of ice (31)]
 21766 | Abyss:2  | HP: 2/103 [worldbinder (3)]
 21767 | Abyss:2  | Slain by a black mamba

Illustrated notes

Levels and vault maps discovered:
D:1:      grunt_arrival_lava_bath, layout_basic, serial_shops, shop,
          nicolae_shop_stone, shop
D:2:      kennysheep_big_flooded_room, layout_rooms,
          shapermc_ecumenical_altar_rom_forum, kennysheep_path_1
D:3:      layout_loops_ring, vehumet_statue, grunt_ministairs_11,
          minmay_misc_feat_x, nicolae_shop_vocational
D:4:      layout_basic, tso_altar, lightli_temple_of_fire,
          mainiacjoe_overflow_tiny_flanked, fedhas_altar_4, uniq_pikel,
          uniq_edmund, uniq_sigmund
D:5:      layout_basic, nicolae_overflow_hidden_temple,
          nicolae_dithmenos_through_a_glass_darkly, temple_fountains
D:6:      layout_loops_cross
D:7:      layout_gridville, mainiacjoe_overflow_large_starburst, serial_shops,
          shop, uniq_joseph, uniq_crazy_yiuf_cottage, uniq_menkaure
D:8:      layout_loops_ring, grunt_gozag_breadcrumbs, lair_entry_dummy,
          minmay_crystal_water, minivault_12
D:9:      layout_roguey, minmay_orc_entry_temple_small,
          hellmonk_ghost_happy_afterlife, hangedman_glass_teeth, uniq_grum
D:10:     layout_irregular_city, overflow_temple_1_default,
          yredelemnul_altar_generic, minmay_fire_ice_demons, uniq_snorg
D:11:     layout_basic, kennysheep_generic_room_2
D:12:     layout_basic, uniq_fannar
D:13:     layout_stronghold, grunt_vaults_entry_tiered
Temple:   hellmonk_temple_rainy
Lair:1:   layout_concentric_octagons, beast_lair_carwin_9
Lair:2:   beast_lair_carwin_large_2, layout_chaotic_city, swamp_mist,
          nicolae_snake_entry_warm_welcome, grunt_megastairs_4, uniq_sonja
Lair:3:   layout_roguey, ebering_ghost_xom, nicolae_volcano_entry_two_sided,
          minmay_stone_trees_medium, beast_lair_carwin_6, uniq_gastronok
Lair:4:   layout_long_grid, beast_lair_carwin_11
Lair:5:   minmay_lair_end_frog_pond, layout_misc_corridors,
          minmay_slime_entry_jelly_boxes
Orc:1:    layout_caves
Orc:2:    grunt_orc_community_town_hall, layout_diamond_mine,
          grunt_orc_community_big_house_1, grunt_orc_community_big_house_1,
          grunt_orc_community_house_3, grunt_orc_community_house_3,
          grunt_orc_community_house_1, grunt_orc_community_house_1,
          grunt_orc_community_house_3, basic_altar, serial_shops,
          nicolae_lakefront_shop
Abyss:2:  base: D:5, hangedman_abyss_or_decor_lesser_grid

Skill      XL: |  1  2  3  4  5  6  7  8  9 10 11 12 13 14 15 |
---------------+----------------------------------------------+-----
Short Blades   | 3 5 6 10 11 12 | 12.0
Dodging        | 3 7 10 12 15 | 15.0
Stealth        | 7 10 13 15 | 15.0
Fighting       | 4 7 10 12 | 12.4
Armour         | 2 4 5 |  5.7
Evocations     | 7 |  7.0
Invocations    | 5 7 |  7.0
Ranged Weapons | 4 12 15 17 18 | 18.0

Action                     |  1- 3 |  4- 6 |  7- 9 | 10-12 | 13-15 | 16-18 || total
---------------------------+-------+-------+-------+-------+-------+-------++-------
  Melee: Short sword       |    52 |   180 |   394 |  1003 |  1264 |   106 ||  2999
         Dagger            |       |   238 |   192 |       |       |       ||   430
         Punch             |       |     5 |    11 |    14 |    23 |     1 ||    54
   Fire: Arbalest          |       |       |       |     3 |       |       ||     3
  Evoke: Wand              |       |     2 |     9 |     8 |    23 |       ||    42
         Lightning rod     |       |       |       |       |     1 |       ||     1
    Use: Scroll            |       |     5 |     2 |    11 |    12 |     3 ||    33
         Potion            |       |     8 |     5 |     4 |     7 |     5 ||    29
   Stab: Sleeping          |    13 |    25 |    12 |    24 |    92 |       ||   166
         Distracted        |       |     1 |       |     5 |    12 |     1 ||    19
         Petrifying        |       |       |       |       |     2 |       ||     2
         Petrified         |       |       |       |       |     2 |       ||     2
         Invisible         |       |       |       |       |     6 |       ||     6
 Armour: Leather armour    |     9 |    56 |    48 |       |   100 |     6 ||   219
         Skin              |       |       |    14 |       |       |       ||    14
         Ring mail         |       |       |    39 |   114 |     9 |       ||   162
  Dodge: Dodged            |    31 |   227 |   249 |   613 |  1106 |   107 ||  2333
  Block: Other             |       |       |    13 |   108 |   144 |    18 ||   283

Table legend: (Time is in decaauts)
 A = Elapsed time spent in this place.
 B = Non-inter-level travel time spent in this place.
 C = Inter-level travel time spent in this place.
 D = Time resting spent in this place.
 E = Time spent auto-exploring this place.
 F = Levels seen in this place.
 G = Mean time per level.
                   A        B        C        D        E       F      G
               +--------+--------+--------+--------+--------+-----+--------+
         Total |  20240 |  18968 |   1272 |    134 |  14298 |  22 |  920.0 |
       Dungeon |  13104 |  12218 |    886 |    100 |   9444 |  13 | 1008.0 |
        Temple |     35 |     25 |     10 |      0 |     19 |   1 |   35.0 |
          Lair |   5695 |   5368 |    327 |     34 |   3872 |   5 | 1139.0 |
  Orcish Mines |   1238 |   1189 |     49 |      0 |    894 |   2 |  619.0 |
         Abyss |    165 |    165 |      0 |      0 |     68 |   1 |  165.0 |
               +--------+--------+--------+--------+--------+-----+--------+

Top non-repeatable levels by time:
     D:3: 1412 daAuts
  Lair:5: 1333 daAuts
     D:8: 1251 daAuts
  Lair:2: 1157 daAuts
     D:1: 1147 daAuts
     D:4: 1112 daAuts
     D:9: 1084 daAuts
  Lair:4: 1082 daAuts
  Lair:3: 1067 daAuts
  Lair:1: 1055 daAuts
    D:10: 1049 daAuts
   Orc:2: 981 daAuts
     D:7: 950 daAuts
    D:11: 906 daAuts
    D:13: 901 daAuts
